 Dungeon Crawl Stone Soup version 0.25.1-2-g60ff931df9 (webtiles) character file.

Game seed: 12741602207520115136

33989 gruber the Frost Mage (level 13, -1/99 HPs)
             Began as a Gnoll Ice Elementalist on Oct 12, 2020.
             Was an Initiate of Gozag.
             Killed by divine providence
             ... invoked by a smoke demon
              (16 damage)
             ... on level 2 of the Abyss.
             The game lasted 00:32:54 (16114 turns).

gruber the Frost Mage (Gnoll Ice Elementalist)     Turns: 16114, Time: 00:32:55

Health: -1/99      AC:  9    Str: 16    XL:     13   Next: 74%
Magic:  26/26      EV: 20    Int: 18    God:    Gozag
Gold:   2589       SH:  0    Dex: 21    Spells: 23/31 levels left

rFire    + + .     SeeInvis .   M - +10 arbalest of Suicidal Tendencies {elec, rElec rPois Int-5 Dex+5}
rCold    . . .     Gourm    .   (shield currently unavailable)
rNeg     . . .     Faith    .   h - +1 robe {rF+}
rPois    +         Spirit   .   X - +0 hat "Ixzeuzoh" {rF+ rCorr Stlth+}
rElec    +         Reflect  .   z - scarf {repulsion}
rCorr    +         Harm     .   Q - +1 pair of gloves
MR       .....                  H - +2 pair of boots
Stlth    ++++++....             p - amulet of regeneration
HPRegen  0.66/turn              x - +6 ring of strength
MPRegen  0.20/turn              a - ring of resist corrosion

@: about to teleport, repel missiles
A: distributed training, fangs 1, strong nose
a: Potion Petition, Call Merchant, Bribe Branch, Renounce Religion


You were on level 2 of the Abyss.
You worshipped Gozag.
Gozag was most pleased with you.
You were not hungry.

You visited 1 branch of the dungeon, and saw 15 of its levels.
You visited the Abyss 2 times.
You also visited: Gauntlet.

You collected 3659 gold pieces.
You spent 550 gold pieces at shops.
You paid 520 gold pieces to Gozag.

Inventory:

Hand Weapons
 e - a +2 vampiric whip
 L - a +2 hand axe of flaming
 M - the +10 arbalest of Suicidal Tendencies (weapon) {elec, rElec rPois Int-5 Dex+5}
   (You found it in a Gauntlet)

   It charges the ammunition it shoots with electricity; occasionally upon a
   hit, such missiles may discharge and cause terrible harm.
   It affects your intelligence (-5).
   It affects your dexterity (+5).
   It insulates you from electricity.
   It protects you from poison.
Missiles
 m - 7 bolts (quivered)
 Z - 17 silver javelins
Armour
 h - a +1 robe of fire resistance (worn)
 z - a scarf of repulsion (worn)
 H - a +2 pair of boots (worn)
 P - the +0 kite shield "Toufiwk" {rF- Int+5}
   (You found it on level 8 of the Dungeon)

   It affects your intelligence (+5).
   It makes you vulnerable to fire.
 Q - a +1 pair of gloves (worn)
 W - a +2 robe of the Archmagi
 X - the +0 hat "Ixzeuzoh" (worn) {rF+ rCorr Stlth+}
   (You found it in a Gauntlet)

   It protects you from fire.
   It provides partial protection from all sources of acid and corrosion.
   It makes you more stealthy.
Jewellery
 a - a ring of resist corrosion (right hand)
 b - an uncursed amulet of reflection
 d - an uncursed amulet of the acrobat
 g - an uncursed ring of protection from cold {unknown}
 p - an amulet of regeneration (around neck)
 x - a +6 ring of strength (left hand)
 S - an uncursed ring of fire
Wands
 f - a wand of flame (24)
 A - a wand of acid (8)
 C - a wand of iceblast (29)
 D - a wand of disintegration (20)
 J - a wand of paralysis (24)
 O - a wand of polymorph (20)
 R - a wand of enslavement (13)
Scrolls
 j - 2 scrolls of noise {unknown}
 k - a scroll of immolation {unknown}
 n - a scroll of enchant weapon {unknown}
 q - 4 scrolls of fear {unknown}
 r - 2 scrolls of fog {unknown}
 t - 5 scrolls of teleportation
 u - 6 scrolls of remove curse
 v - 6 scrolls of blinking {unknown}
 y - 3 scrolls of random uselessness {unknown}
 G - 2 scrolls of enchant armour {unknown}
 I - 9 scrolls of magic mapping {unknown}
 K - 4 scrolls of amnesia {unknown}
 N - a scroll of brand weapon
 T - 2 scrolls of silence {unknown}
 Y - a scroll of holy word {unknown}
Potions
 i - 3 potions of flight
 l - 6 potions of heal wounds
 o - 6 potions of curing
 s - 2 potions of magic
 w - 2 potions of brilliance
 B - 3 potions of stabbing
 E - a potion of lignification
 F - 2 potions of mutation
 U - a potion of cancellation
 V - a potion of might
Comestibles
 c - 15 rations


   Skills:
 + Level 8.4 Fighting
 + Level 8.4 Short Blades
 + Level 8.4 Long Blades
 + Level 8.4 Axes
 + Level 8.4 Maces & Flails
 + Level 8.4 Polearms
 + Level 8.4 Staves
 + Level 8.4 Slings
 + Level 8.4 Bows
 + Level 8.4 Crossbows
 + Level 8.4 Throwing
 + Level 8.4 Armour
 + Level 9.6 Dodging
 + Level 9.4 Stealth
 + Level 8.4 Shields
 + Level 8.4 Unarmed Combat
 + Level 9.8 Spellcasting
 + Level 7.0 Conjurations
 + Level 7.0 Hexes
 + Level 7.0 Charms
 + Level 7.0 Summonings
 + Level 7.0 Necromancy
 + Level 7.0 Translocations
 + Level 7.0 Transmutations
 + Level 7.0 Fire Magic
 + Level 10.0 Ice Magic
 + Level 7.0 Air Magic
 + Level 7.0 Earth Magic
 + Level 7.0 Poison Magic
 + Level 9.2 Invocations
 + Level 8.4 Evocations


You had 23 spell levels left.
You knew the following spells:

 Your Spells              Type           Power        Failure   Level  Hunger
a - Freeze                Ice            ####         1%          1    None
b - Frozen Ramparts       Ice            #####.       1%          3    None
c - Summon Ice Beast      Ice/Summ       #####...     2%          4    ###....

Your spell library contained the following spells:

 Spells                   Type           Power        Failure   Level  Hunger
 Corona                   Hex            ####...      1%          1    None
 Magic Dart               Conj           ####         1%          1    None
 Sting                    Tmut/Pois      ####         1%          1    None
 Summon Butterflies       Summ           ####....     1%          1    None
 Ensorcelled Hibernation  Hex/Ice        #####.       1%          2    None
 Poisonous Vapours        Pois/Air       ####..       1%          2    None
 Searing Ray              Conj           ####..       1%          2    None
 Call Canine Familiar     Summ           ####....     1%          3    None
 Confusing Touch          Hex            ####....     1%          3    None
 Dazzling Flash           Conj/Hex       ####..       1%          3    None
 Ignite Poison            Fire/Tmut/Pois ####....     1%          3    None
 Mephitic Cloud           Conj/Pois/Air  ####....     1%          3    None
 Ozocubu's Armour         Chrm/Ice       #####...     1%          3    None
 Tukima's Dance           Hex            ####....     1%          3    None
 Hailstorm                Conj/Ice       #####...     2%          4    ###....
 Fulminant Prism          Conj/Hex       ####......   4%          4    ###....
 Iskenderun's Mystic Bla  Conj/Tloc      ####....     4%          4    ###....
 Olgreb's Toxic Radiance  Pois           ####....     4%          4    ###....
 Summon Mana Viper        Hex/Summ       ####....     12%         5    #####..
 Summon Hydra             Summ           ####......   98%         7    #######


Dungeon Overview and Level Annotations

Branches:
Dungeon (15/15)            Temple (0/1) D:7            Lair (0/6) D:9
    Orc (0/2) D:12         Vaults (0/5) D:14        Gauntlet (visited)
 Depths: D:15

Altars:
Dithmenos
Elyvilon
Gozag
Ru
Yredelemnul

Shops:
D:9 =

Annotations:
D:5 1 runed translucent door
D:11 2 transporters
D:14 Frances, Josephine
D:15 Agnes


Innate Abilities, Weirdness & Mutations

Your experience applies equally to all skills.
You have very sharp teeth.
Your uncanny sense of smell can sniff out nearby items.


Message History

You feel your health improve. The thrashing horror barely misses you.
The thrashing horror tramples you.
You stumble backwards!
The thrashing horror misses you.
The thrashing horror tramples you but does no damage.
The smoke demon misses you. The smoke demon hits you.
* * * LOW HITPOINT WARNING * * *
The smoke demon completely misses you.
Unknown command.
The thrashing horror misses you.
The thrashing horror completely misses you.
The smoke demon gestures at you. Something smites you!
* * * LOW HITPOINT WARNING * * *
The thrashing horror tramples you.
* * * LOW HITPOINT WARNING * * *
You stumble backwards!
The smoke demon gestures at you. Something smites you!
You die...
Your body crumbles into a pile of gold.

...###...####..##..##
....#.....#.......... .
.....................
............3##..##..#
..........3..##..## .##.
#.....#....3#...........
##... ##X..##.3.......
#.....#.....###p2##..##
.......@.....# W.##..##.
........................
........................
#.....#.....###..##.. #.
##...###...####..## .
#.... ..... .......####
.... ........).........
.... ........##..##.#...
........# .. #.# ..


You could see a thrashing horror and 3 smoke demons.

Vanquished Creatures
  Rupert (D:14)
  Gastronok (D:9)
  A minotaur (Gauntlet)
  A hydra (D:15)
  Erolcha (D:9)
  A catoblepas (D:15)
  2 two-headed ogres
  2 centaur warriors
  A tengu warrior (D:15)
  An unseen horror (shapeshifter) (D:13)
  2 orc knights (D:15)
  Pikel (D:8)
  An oklob plant (Gauntlet)
  6 deep elf magi
  An ugly thing (D:12)
  A manticore (D:14)
  2 cyclopes
  Psyche (D:8)
  A gargoyle (D:13)
  Maggie (D:9)
  A freezing wraith (D:15)
  A komodo dragon (D:12)
  2 tengu conjurers
  2 trolls (D:15)
  An ancient zyme (Abyss:2)
  Prince Ribbit (D:9)
  A wolf spider simulacrum (D:15)
  A raiju (Gauntlet)
  4 hippogriffs
  A shadow (D:15)
  A water elemental (D:13)
  A wraith (D:15)
  10 yaks
  Grum (D:8)
  A basilisk (D:15)
  6 humans
  5 vampire mosquitoes
  A hungry ghost (D:9)
  Duvessa (D:7)
  3 acid dragons
  A nameless horror (D:13)
  2 water moccasins
  11 orc warriors
  A slave (D:8)
  3 sky beasts
  4 black bears
  2 phantoms
  4 ice beasts
  5 ogres
  An eye of draining (D:11)
  3 small abominations (Gauntlet)
  A necrophage (D:14)
  8 centaurs
  2 wolves (D:8)
  3 big kobolds
  8 bullfrogs
  3 scorpions
  Dowan (D:7)
  17 killer bees
  A howler monkey (D:8)
  2 crimson imps
  4 bullfrog zombies
  A quasit (D:15)
  5 centaur skeletons
  4 hounds
  10 orc priests
  A bullfrog skeleton (D:13)
  3 jellies
  4 iguanas
  13 orc wizards
  8 worker ants
  A lightning spire (Gauntlet)
  A hound zombie (D:7)
  A hound skeleton (D:7)
  6 gnolls
  6 adders
  A shadow imp (D:5)
  An adder zombie (D:8)
  4 worms
  A dart slug (D:1)
  5 leopard geckos
  54 orcs
  13 bats
  8 giant cockroaches
  9 goblins
  3 hobgoblins
  3 jackals (D:5)
  5 quokkas
  4 frilled lizards
  23 kobolds
  2 kobold zombies (D:5)
  A quokka zombie (D:9)
  4 rats
366 creatures vanquished.

Vanquished Creatures (collateral kills)
  A death knight (D:15)
  2 two-headed ogres
  2 ugly things
  A centaur skeleton (D:15)
  A troll (D:15)
  A harpy skeleton (D:15)
  A wyvern (D:8)
  2 humans (D:14)
  A basilisk (D:15)
  A water elemental (D:13)
  3 yaks (D:9)
  2 vampire mosquitoes (D:13)
  A hungry ghost (D:7)
  Menkaure (D:7)
  2 orc warriors
  2 ogres (D:13)
  A big kobold (D:8)
  An iguana (D:8)
  A worker ant (D:8)
  A killer bee zombie (D:8)
  2 worker ant zombies (D:9)
  A howler monkey skeleton (D:7)
  3 orcs
  A kobold (D:8)
35 creatures vanquished.

Vanquished Creatures (others)
  A fire bat (Abyss:2)
  An orc (D:5)
  6 starspawn tentacles (Abyss:2)
8 creatures vanquished.

Grand Total: 409 creatures vanquished

Notes
Turn   | Place    | Note
-------+----------+-------------------------------------------
     0 | D:1      | gruber the Gnoll Ice Elementalist began the quest for the
                  | Orb.
     0 | D:1      | Reached XP level 1. HP: 13/13 MP: 6/6
   261 | D:1      | Reached XP level 2. HP: 18/19 MP: 1/7
  1079 | D:2      | Reached skill level 5 in Spellcasting
  1079 | D:2      | Reached XP level 3. HP: 25/25 MP: 7/9
  1084 | D:2      | Learned a level 3 spell: Frozen Ramparts
  1230 | D:2      | Found an opulent altar of Gozag.
  1250 | D:2      | Became a worshipper of Gozag Ym Sagoz the Greedy
  1299 | D:2      | Found a sacrificial altar of Ru.
  1310 | D:2      | Reached skill level 1 in Invocations
  1429 | D:2      | Reached skill level 1 in Fighting
  1429 | D:2      | Reached skill level 1 in Short Blades
  1429 | D:2      | Reached skill level 1 in Long Blades
  1429 | D:2      | Reached skill level 1 in Axes
  1429 | D:2      | Reached skill level 1 in Maces & Flails
  1429 | D:2      | Reached skill level 1 in Polearms
  1429 | D:2      | Reached skill level 1 in Staves
  1429 | D:2      | Reached skill level 1 in Slings
  1429 | D:2      | Reached skill level 1 in Bows
  1429 | D:2      | Reached skill level 1 in Crossbows
  1429 | D:2      | Reached skill level 1 in Throwing
  1429 | D:2      | Reached skill level 1 in Armour
  1429 | D:2      | Reached skill level 1 in Shields
  1429 | D:2      | Reached skill level 1 in Unarmed Combat
  1429 | D:2      | Reached skill level 1 in Evocations
  1429 | D:2      | Reached XP level 4. HP: 26/32 MP: 8/11
  2186 | D:3      | Reached skill level 1 in Conjurations
  2186 | D:3      | Reached skill level 1 in Hexes
  2186 | D:3      | Reached skill level 1 in Charms
  2186 | D:3      | Reached skill level 1 in Summonings
  2186 | D:3      | Reached skill level 1 in Necromancy
  2186 | D:3      | Reached skill level 1 in Translocations
  2186 | D:3      | Reached skill level 1 in Transmutations
  2186 | D:3      | Reached skill level 1 in Fire Magic
  2186 | D:3      | Reached skill level 1 in Air Magic
  2186 | D:3      | Reached skill level 1 in Earth Magic
  2186 | D:3      | Reached skill level 1 in Poison Magic
  2600 | D:3      | Found a shadowy altar of Dithmenos.
  2794 | D:4      | Reached XP level 5. HP: 37/37 MP: 8/12
  2834 | D:4      | Found a white marble altar of Elyvilon.
  3375 | D:4      | Noticed a black bear
  3384 | D:4      | Killed a black bear
  3384 | D:4      | Reached XP level 6. HP: 19/44 MP: 11/14
  3477 | D:5      | Entered Level 5 of the Dungeon
  3485 | D:5      | Reached skill level 5 in Dodging
  4070 | D:5      | Reached XP level 7. HP: 43/50 MP: 15/15
  4136 | D:5      | Learned a level 4 spell: Summon Ice Beast
  4138 | D:5      | Found a runed translucent door.
  4138 | D:5      | Noticed a human
  4156 | D:5      | Found a basalt altar of Yredelemnul.
  4447 | D:6      | Reached skill level 5 in Stealth
  4540 | D:6      | Reached XP level 8. HP: 36/57 MP: 16/16
  4975 | D:6      | You fall into a shaft and drop 1 floor!
  5354 | D:7      | Noticed Duvessa
  5355 | D:7      | Noticed Dowan
  5366 | D:7      | Killed Dowan
  5370 | D:7      | HP: 2/60 [Duvessa/+0 short sword (4)]
  5371 | D:7      | Killed Duvessa
  5371 | D:7      | Reached XP level 9. HP: 3/65 MP: 11/18
  5560 | D:7      | Noticed Menkaure
  5568 | D:7      | Killed Menkaure
  5802 | D:7      | Found a staircase to the Ecumenical Temple.
  6148 | D:8      | Noticed a two-headed ogre
  6226 | D:8      | Reached skill level 8 in Ice Magic
  6435 | D:8      | Noticed Grum
  6452 | D:8      | Killed Grum
  6454 | D:8      | Noticed Pikel
  6463 | D:8      | Killed Pikel
  6463 | D:8      | Reached skill level 5 in Invocations
  6553 | D:8      | Reached XP level 10. HP: 58/73 MP: 17/20
  6746 | D:8      | Noticed Psyche
  6755 | D:8      | Killed Psyche
  6755 | D:8      | Reached skill level 5 in Fighting
  6755 | D:8      | Reached skill level 5 in Short Blades
  6755 | D:8      | Reached skill level 5 in Long Blades
  6755 | D:8      | Reached skill level 5 in Axes
  6755 | D:8      | Reached skill level 5 in Maces & Flails
  6755 | D:8      | Reached skill level 5 in Polearms
  6755 | D:8      | Reached skill level 5 in Staves
  6755 | D:8      | Reached skill level 5 in Slings
  6755 | D:8      | Reached skill level 5 in Bows
  6755 | D:8      | Reached skill level 5 in Crossbows
  6755 | D:8      | Reached skill level 5 in Throwing
  6755 | D:8      | Reached skill level 5 in Armour
  6755 | D:8      | Reached skill level 5 in Shields
  6755 | D:8      | Reached skill level 5 in Unarmed Combat
  6755 | D:8      | Reached skill level 5 in Evocations
  6785 | D:8      | Killed a two-headed ogre
  7061 | D:8      | Got an ancient kite shield
  7062 | D:8      | Identified the +0 kite shield "Toufiwk" {rF- Int+5} (You
                  | found it on level 8 of the Dungeon)
  7485 | D:9      | Noticed Maggie
  7506 | D:9      | Cast into level 2 of the Abyss (Erolcha)
  7559 | Abyss:2  | Noticed a thrashing horror
  7587 | Abyss:2  | Noticed a starcursed mass
  7664 | Abyss:2  | Noticed a tentacled starspawn
  7664 | Abyss:2  | Noticed a tentacled starspawn
  7672 | Abyss:2  | Noticed a tentacled starspawn
  7679 | Abyss:2  | Noticed a glowing orange brain
  7707 | Abyss:2  | Noticed a starcursed mass
  7723 | Abyss:2  | Noticed a large abomination
  7732 | Abyss:2  | Noticed a wretched star
  7746 | Abyss:2  | Noticed a thrashing horror
  7761 | D:9      | Escaped the Abyss
  7761 | D:9      | Noticed Erolcha
  7765 | D:9      | Killed Erolcha
  7771 | D:9      | Killed Maggie
  7771 | D:9      | Reached XP level 11. HP: 49/81 MP: 15/22
  8113 | D:9      | Noticed Gastronok
  8119 | D:9      | Killed Gastronok
  8164 | D:9      | Found Kexel's Jewellery Shop.
  8288 | D:9      | Reached skill level 5 in Conjurations
  8288 | D:9      | Reached skill level 5 in Hexes
  8288 | D:9      | Reached skill level 5 in Charms
  8288 | D:9      | Reached skill level 5 in Summonings
  8288 | D:9      | Reached skill level 5 in Necromancy
  8288 | D:9      | Reached skill level 5 in Translocations
  8288 | D:9      | Reached skill level 5 in Transmutations
  8288 | D:9      | Reached skill level 5 in Fire Magic
  8288 | D:9      | Reached skill level 5 in Air Magic
  8288 | D:9      | Reached skill level 5 in Earth Magic
  8288 | D:9      | Reached skill level 5 in Poison Magic
  8427 | D:9      | Found a staircase to the Lair.
  8431 | D:9      | Noticed Prince Ribbit
  8440 | D:9      | Killed Prince Ribbit
  8779 | D:10     | Entered Level 10 of the Dungeon
 10022 | D:11     | Noticed a brown ugly thing
 10031 | D:11     | Killed a brown ugly thing
 10394 | D:11     | Reached skill level 9 in Ice Magic
 10444 | D:11     | Found a transporter.
 10446 | D:11     | Noticed a great orb of eyes
 10527 | D:11     | Found a transporter.
 10909 | D:12     | Noticed a purple ugly thing
 10925 | D:12     | Killed a purple ugly thing
 11211 | D:12     | Found a staircase to the Orcish Mines.
 11364 | D:12     | Noticed a two-headed ogre
 11379 | D:12     | Killed a two-headed ogre
 11379 | D:12     | Reached XP level 12. HP: 89/89 MP: 17/24
 12048 | D:12     | Bought a ration for 55 gold pieces
 12048 | D:12     | Bought a ration for 55 gold pieces
 12048 | D:12     | Bought a ration for 55 gold pieces
 12048 | D:12     | Bought a ration for 55 gold pieces
 12048 | D:12     | Bought a ration for 55 gold pieces
 12048 | D:12     | Bought a ration for 55 gold pieces
 12048 | D:12     | Bought a ration for 55 gold pieces
 12048 | D:12     | Bought a ration for 55 gold pieces
 12048 | D:12     | Bought a ration for 55 gold pieces
 12048 | D:12     | Bought a ration for 55 gold pieces
 12552 | D:13     | Noticed a two-headed ogre
 12564 | D:13     | Killed a two-headed ogre
 13614 | D:14     | Found a gate to the Vaults.
 13614 | D:14     | Noticed Rupert
 13614 | D:14     | Noticed a rakshasa
 13614 | D:14     | Noticed a centaur warrior
 13614 | D:14     | Noticed Josephine
 13614 | D:14     | Noticed a centaur warrior
 13843 | D:14     | Killed Rupert
 13849 | D:14     | Killed a centaur warrior
 13871 | D:14     | Noticed Frances
 13872 | D:14     | Reached XP level 13. HP: 82/98 MP: 0/26
 13875 | D:15     | Entered Level 15 of the Dungeon
 14091 | D:15     | Found a gate leading to a gauntlet.
 14105 | Gauntlet | Entered a Gauntlet
 14105 | Gauntlet | Found a transporter.
 14105 | Gauntlet | Found a transporter.
 14123 | Gauntlet | Found a transporter.
 14127 | Gauntlet | Found a transporter.
 14131 | Gauntlet | Found a runed translucent door.
 14133 | Gauntlet | Found a runed translucent door.
 14135 | Gauntlet | Found a transporter.
 14139 | Gauntlet | Found a transporter.
 14142 | Gauntlet | Noticed a death ooze
 14147 | Gauntlet | Found a transporter.
 14163 | Gauntlet | Found a transporter.
 14177 | Gauntlet | Found a transporter.
 14181 | Gauntlet | Found a transporter.
 14192 | Gauntlet | Found a transporter.
 14193 | Gauntlet | Found a transporter.
 14347 | Gauntlet | Got a fine hat
 14436 | Gauntlet | Identified the +0 hat "Ixzeuzoh" {rF+ rCorr Stlth+} (You
                  | found it in a Gauntlet)
 14610 | Gauntlet | Noticed a minotaur
 14618 | Gauntlet | Killed a minotaur
 14648 | Gauntlet | Got a slimy arbalest
 14649 | Gauntlet | Identified the +10 arbalest of Suicidal Tendencies {elec,
                  | rElec rPois Int-5 Dex+5} (You found it in a Gauntlet)
 15422 | D:15     | Reached skill level 10 in Ice Magic
 15726 | D:15     | Noticed Agnes
 15736 | D:15     | Cast into level 2 of the Abyss (Agnes)
 15772 | Abyss:2  | Noticed a tentacled starspawn
 16056 | Abyss:2  | Found a basalt altar of Yredelemnul.
 16065 | Abyss:2  | Noticed a starcursed mass
 16114 | Abyss:2  | Killed from afar by a smoke demon

Illustrated notes

Levels and vault maps discovered:
D:1:      doesnt_arrival_eight_statues, layout_basic
D:2:      layout_rooms, nicolae_ru_great_annihilating_truth,
          lemuel_crystal_altar, first_ration, minmay_pentomino_r2
D:3:      layout_basic, nicolae_overflow_hidden_temple
D:4:      black_bear_nest_2, layout_rooms, lemuel_coloured_pillars_altar
D:5:      corexii_shack_village, layout_loops_ring, dk_yredelemnul_ordeal
D:6:      layout_rooms, serial_shops, nicolae_shop_behind_doors,
          nemelex_spade_bored_becter
D:7:      layout_gridville, temple_hall, uniq_menkaure, uniq_duvessa
D:8:      layout_basic, uniq_psyche, uniq_pikel, uniq_grum
D:9:      layout_loops_cross, lair_entry_dummy, serial_shops, shop,
          grunt_decor_mini_mirrors, uniq_prince_ribbit1, uniq_erolcha,
          uniq_maggie, uniq_gastronok
D:10:     layout_layer_cave
D:11:     gammafunk_jiyva_shrine, layout_basic
D:12:     layout_stronghold, david_orc_4
D:13:     layout_long_grid, hangedman_stone_soup, water_maze_lemuel
D:14:     layout_long_grid, david_vaults_3, gammafunk_ghost_hive, serial_shops,
          kennysheep_mini_moat, enter_bailey_7, grunt_decor_cap, uniq_jorgrun,
          uniq_frances, uniq_josephine
D:15:     grunt_enter_depths_magical_seal, layout_basic, minmay_misc_feat_tiny,
          gauntlet_entry_generic, st_stairs_11, uniq_agnes
Abyss:2:  base: D:4, evilmike_abyss_exit_11, kilobyte_mutagenic_chamber,
          hangedman_abyss_lost_library, base: D:11, evilmike_abyss_exit_9,
          bh_silent_lugonu_exit, bh_abyss_xom_lugonu_altar, patterned_corridor

Skill      XL: |  1  2  3  4  5  6  7  8  9 10 11 12 13 |
---------------+----------------------------------------+-----
Spellcasting   | 5 6 7 8 9 |  9.8
Invocations    | 1 2 3 4 5 6 7 8 9 |  9.2
Fighting       | 1 2 3 4 5 6 7 8 |  8.4
Short Blades   | 1 2 3 4 5 6 7 8 |  8.4
Long Blades    | 1 2 3 4 5 6 7 8 |  8.4
Axes           | 1 2 3 4 5 6 7 8 |  8.4
Maces & Flails | 1 2 3 4 5 6 7 8 |  8.4
Polearms       | 1 2 3 4 5 6 7 8 |  8.4
Staves         | 1 2 3 4 5 6 7 8 |  8.4
Slings         | 1 2 3 4 5 6 7 8 |  8.4
Bows           | 1 2 3 4 5 6 7 8 |  8.4
Crossbows      | 1 2 3 4 5 6 7 8 |  8.4
Throwing       | 1 2 3 4 5 6 7 8 |  8.4
Armour         | 1 2 3 4 5 6 7 8 |  8.4
Shields        | 1 2 3 4 5 6 7 8 |  8.4
Unarmed Combat | 1 2 3 4 5 6 7 8 |  8.4
Evocations     | 1 2 3 4 5 6 7 8 |  8.4
Conjurations   | 1 2 3 4 5 6 7 |  7.0
Hexes          | 1 2 3 4 5 6 7 |  7.0
Charms         | 1 2 3 4 5 6 7 |  7.0
Summonings     | 1 2 3 4 5 6 7 |  7.0
Necromancy     | 1 2 3 4 5 6 7 |  7.0
Translocations | 1 2 3 4 5 6 7 |  7.0
Transmutations | 1 2 3 4 5 6 7 |  7.0
Fire Magic     | 1 2 3 4 5 6 7 |  7.0
Air Magic      | 1 2 3 4 5 6 7 |  7.0
Earth Magic    | 1 2 3 4 5 6 7 |  7.0
Poison Magic   | 1 2 3 4 5 6 7 |  7.0
Dodging        | 5 6 7 8 9 |  9.6
Stealth        | 5 6 7 8 9 |  9.4
Ice Magic      | 8 9 10 | 10.0

Action                   |  1- 3 |  4- 6 |  7- 9 | 10-12 | 13-15 || total
-------------------------+-------+-------+-------+-------+-------++-------
Melee: Dagger            |    39 |   122 |   190 |    36 |       ||   387
       Unarmed           |     4 |       |       |       |       ||     4
       Bite              |     6 |    12 |    21 |    78 |    13 ||   130
       Punch             |       |       |     3 |       |       ||     3
       Whip              |       |       |     6 |   349 |    17 ||   372
       Hand axe          |       |       |       |   152 |    55 ||   207
 Fire: Arbalest          |       |       |       |       |    79 ||    79
Throw: Dart              |       |     7 |    16 |     5 |       ||    28
       Javelin           |       |       |       |       |     8 ||     8
 Cast: Freeze            |    25 |    13 |     6 |     3 |       ||    47
       Frozen Ramparts   |       |     7 |    24 |    56 |    22 ||   109
       Summon Ice Beast  |       |       |     8 |    46 |    12 ||    66
Invok: Call Merchant     |       |       |       |     1 |       ||     1
Evoke: Wand              |       |       |       |     7 |     6 ||    13
  Use: Scroll            |       |       |       |    11 |    10 ||    21
       Potion            |       |       |       |       |     1 ||     1
 Stab: Sleeping          |     7 |     9 |    11 |     5 |       ||    32
       Invisible         |     1 |       |       |       |       ||     1
       Paralysed         |     1 |       |       |       |       ||     1
       Distracted        |       |       |       |     6 |       ||     6
  Eat: Chunk             |     1 |     1 |       |       |       ||     2
       Ration            |       |     2 |     3 |     8 |     2 ||    15
Armor: Robe              |     6 |    22 |    21 |   125 |    29 ||   203
Dodge: Dodged            |    39 |    72 |   132 |   290 |   104 ||   637
       Repelled          |       |       |     4 |     8 |     4 ||    16
Block: Other             |    17 |    13 |       |       |       ||    30
       Kite shield       |       |       |       |   242 |    28 ||   270
